[Event "Titled Tuesday Blitz August 31 2021"]
[White "Odegov, Artem"]
[Black "Do Valle Cardoso, Lucas"]
[WhiteFideId "34183644"]
[BlackFideId "2163144"]
[WhiteElo "2257"]
[BlackElo "2387"]
[Result "0-1"]
[Round "07"]
[TimeControl "180+1"]
[Date "2021.08.31"]
[WhiteClock "0:00:03"]
[BlackClock "0:00:35"]

1. d4 d5 2. c4 dxc4 3. Nf3 Nf6 4. Nc3 a6 5. a4 Nc6 6. e4 Bg4 7. Be3 Bxf3 8. gxf3 e5 9. d5 Na5 10. Bg2 Bb4 11. O-O Nh5 12. f4 Nxf4 13. Bxf4 exf4 14. Qg4 O-O 15. e5 f6 16. e6 Bd6 17. Rad1 f5 18. Qf3 Qf6 19. Rfe1 Rae8 20. Re2 g5 21. h3 Kh8 22. Rde1 g4 23. hxg4 fxg4 24. Qxg4 f3 25. e7 Rg8 26. Ne4 Rxg4 27. Nxf6 Rxg2+ 28. Kh1 Rgg8 29. Nxe8 Rxe8 30. Re3 b5 31. axb5 axb5 32. Rxf3 Rxe7 33. Rg1 Rg7 34. Re1 Re7 35. Rg1 Re8 36. Rf7 Rg8 37. Re1 b4 38. Rc1 Rf8 39. Rxf8+ Bxf8 40. Kg2 Bg7 41. Ra1 Bxb2 42. Rxa5 c3 43. Rc5 b3 44. d6 cxd6 45. Rc8+ Kg7 46. Rc7+ Kg6 47. Rc6 c2 48. Rxd6+ Bf6 49. Rc6 b2 50. Rxc2 b1=Q 51. Rc4 Qf5 52. Ra4 h5 53. Ra3 h4 54. Rf3 Qg4+ 55. Rg3 hxg3 56. fxg3 Be5 57. Kh1 Qh3+ 58. Kg1 Bd4# 0-1


[Site "https://www.chess.com"]

[Event "Titled Tuesday Blitz August 31 2021"]
[White "Ozen, Bahadir"]
[Black "Kozak, Antoni"]
[WhiteFideId "6337058"]
[BlackFideId "21832030"]
[WhiteElo "2685"]
[BlackElo "2522"]
[Result "1-0"]
[Round "07"]
[TimeControl "180+1"]
[Date "2021.08.31"]
[WhiteClock "0:01:34"]
[BlackClock "0:00:15"]

1. b3 Nf6 2. Bb2 e6 3. d3 d5 4. Nd2 c5 5. g3 Nc6 6. Bg2 Be7 7. e3 O-O 8. Ne2 b6 9. h3 Bb7 10. g4 Bd6 11. Nf1 Be5 12. Qc1 Qc7 13. Nfg3 Rad8 14. f4 Bxb2 15. Qxb2 d4 16. Bxc6 Bxc6 17. e4 b5 18. b4 c4 19. O-O c3 20. Qc1 a5 21. a3 Qb6 22. Qe1 Ra8 23. Qf2 Rfd8 24. g5 Ne8 25. Nxc3 Rab8 26. Nce2 Nc7 27. h4 Na6 28. Rab1 axb4 29. axb4 Rb7 30. h5 Rbd7 31. f5 e5 32. f6 g6 33. Qh2 Qc7 34. Rf2 Qd6 35. Rbf1 Nxb4 36. hxg6 fxg6 37. f7+ Kg7 38. Qh6+ 1-0


[Site "https://www.chess.com"]

[Event "Titled Tuesday Blitz August 31 2021"]
[White "Perera Alfonso, Rene Humberto"]
[Black "Skliarov, Viktor"]
[WhiteFideId "3514722"]
[BlackFideId "14106736"]
[WhiteElo "2502"]
[BlackElo "2672"]
[Result "1-0"]
[Round "07"]
[TimeControl "180+1"]
[Date "2021.08.31"]
[WhiteClock "0:00:51"]
[BlackClock "0:00:04"]

1. e4 c5 2. Nf3 Nc6 3. d4 cxd4 4. Nxd4 Nf6 5. Nc3 e5 6. Ndb5 d6 7. Bg5 a6 8. Na3 b5 9. Bxf6 gxf6 10. Nd5 f5 11. Nxb5 axb5 12. Bxb5 Bd7 13. exf5 e4 14. O-O Bg7 15. Qh5 Bxb2 16. Rae1 Ne5 17. Bxd7+ Kxd7 18. Rxe4 Rxa2 19. f4 Rf8 20. fxe5 Bxe5 21. f6 Qa5 22. Qf5+ Kd8 23. Rxe5 dxe5 24. Qxe5 Qc5+ 25. Kh1 Re8 26. Qb8+ Qc8 27. Qd6+ Qd7 28. Qb8+ Qc8 29. Qb6+ Kd7 30. Rd1 Qxc2 31. Qd4 Qxd1+ 32. Qxd1 Rea8 33. Nc3+ Ke6 34. Nxa2 Rxa2 35. h3 Kxf6 36. Qd4+ Kg6 37. Qe4+ Kg7 38. Qe5+ Kg6 39. Qe4+ Kg7 40. Qg4+ Kf8 41. Kh2 Ra5 42. Qb4+ Kg7 43. Qxa5 1-0


[Site "https://www.chess.com"]

[Event "Titled Tuesday Blitz August 31 2021"]
[White "Perez Gormaz, Matias"]
[Black "Karthikeyan, Murali"]
[WhiteFideId "3406342"]
[BlackFideId "5074452"]
[WhiteElo "2574"]
[BlackElo "2732"]
[Result "0-1"]
[Round "07"]
[TimeControl "180+1"]
[Date "2021.08.31"]
[WhiteClock "0:00:01"]
[BlackClock "0:00:02"]

1. e4 c5 2. Nf3 Nc6 3. Bb5 Nf6 4. Nc3 d6 5. e5 dxe5 6. Nxe5 Qc7 7. Bxc6+ bxc6 8. Qe2 e6 9. O-O Bd6 10. Re1 Nd5 11. Na4 f6 12. Nf3 e5 13. d3 Bg4 14. c4 Ne7 15. Be3 Nf5 16. h3 Bh5 17. Nxc5 Nh4 18. g4 Nxf3+ 19. Qxf3 Bg6 20. Ne4 O-O 21. Ng3 Bxd3 22. Bb6 axb6 23. Qxd3 Rfd8 24. Qe4 Bc5 25. Nf5 g6 26. Ng3 Rd4 27. Qe2 Qf7 28. b3 Rad8 29. Rad1 Qd7 30. Rxd4 Qxd4 31. Ne4 Be7 32. Kg2 Kf7 33. Qf3 Kg7 34. Ng3 Rd6 35. Ne4 Rd7 36. Nc3 Qd3 37. Re3 Qd6 38. Ne4 Qe6 39. Ng3 Rd4 40. Re4 Rd2 41. Re2 Rd7 42. Qe4 Bc5 43. Qf3 Rf7 44. Ne4 Be7 45. Ng3 f5 46. gxf5 gxf5 47. Qc3 Bf6 48. Nh5+ Kg6 49. Nxf6 Kxf6 50. f4 Rg7+ 51. Kf2 Kf7 52. Qxe5 Qxe5 53. Rxe5 Kf6 54. a4 Rd7 55. a5 bxa5 56. Rc5 Rd3 57. Rxc6+ Kg7 58. Rc5 Kg6 59. Rb5 Rxh3 60. c5 Rc3 61. Rxa5 Rxb3 62. Ra6+ Kh5 63. c6 Kg4 64. Ra7 h5 65. Rg7+ Kxf4 66. Rh7 Rb2+ 67. Ke1 Kg4 68. Kd1 Rb5 69. c7 Rc5 70. Ke2 f4 71. Rg7+ Kf5 72. Rh7 Ke4 73. Kf1 Kf3 74. Kg1 Rc1+ 75. Kh2 Kf2 76. Rxh5 Rxc7 77. Ra5 Rh7+ 0-1


[Site "https://www.chess.com"]

[Event "Titled Tuesday Blitz August 31 2021"]
[White "Pert, Richard G"]
[Black "Ibrahimli, Murad"]
[WhiteFideId "404748"]
[BlackFideId "13410229"]
[WhiteElo "2604"]
[BlackElo "2845"]
[Result "1-0"]
[Round "07"]
[TimeControl "180+1"]
[Date "2021.08.31"]
[WhiteClock "0:00:17"]
[BlackClock "0:00:01"]

1. e4 e5 2. Nf3 Nc6 3. Bb5 a6 4. Ba4 Nf6 5. O-O Be7 6. d3 b5 7. Bb3 O-O 8. a4 Rb8 9. axb5 axb5 10. Nc3 d6 11. h3 Nb4 12. Nh2 Nd7 13. f4 exf4 14. Bxf4 Nc5 15. Bd5 c6 16. d4 Ne6 17. Bxe6 fxe6 18. e5 d5 19. Ng4 c5 20. Ne2 cxd4 21. Nxd4 Bc5 22. c3 Nc6 23. Kh1 Bd7 24. Qd2 Qe8 25. b4 Nxd4 26. cxd4 Bb6 27. Bg5 Ra8 28. Kh2 Ra4 29. Rac1 h5 30. Nf6+ gxf6 31. Bxf6 Qg6 32. Rc3 h4 33. Rf4 Rxf6 34. Rxf6 Qg7 35. Rf4 Qh6 36. Rcf3 Qg6 37. Rg4 1-0


[Site "https://www.chess.com"]

[Event "Titled Tuesday Blitz August 31 2021"]
[White "Petriashvili, Nikoloz"]
[Black "Poormosavi, Seyed Kian"]
[WhiteFideId "13611216"]
[BlackFideId "12585807"]
[WhiteElo "2430"]
[BlackElo "2134"]
[Result "1-0"]
[Round "07"]
[TimeControl "180+1"]
[Date "2021.08.31"]
[WhiteClock "0:00:17"]
[BlackClock "0:00:14"]

1. e4 c5 2. Nf3 Nc6 3. d4 cxd4 4. Nxd4 g6 5. c4 Bg7 6. Be3 Nf6 7. Nc3 O-O 8. Be2 d6 9. O-O Bd7 10. h3 Nxd4 11. Bxd4 Bc6 12. Qc2 a5 13. Rad1 Nd7 14. Bxg7 Kxg7 15. f4 Qb6+ 16. Kh2 Nc5 17. Bf3 a4 18. Qd2 Qb4 19. Qd4+ Kg8 20. Rf2 a3 21. b3 Ne6 22. Qe3 Qc5 23. Qxc5 dxc5 24. f5 Nd4 25. Ne2 Nxf3+ 26. gxf3 Rfd8 27. Rff1 Rxd1 28. Rxd1 gxf5 29. Nc3 fxe4 30. fxe4 e6 31. Kg3 Kf8 32. e5 Ke7 33. Kf4 Rg8 34. Rd2 Rg1 35. Ne2 Rf1+ 36. Kg3 Rf3+ 37. Kh2 Re3 38. Nc3 Rxe5 39. Nb1 Re1 40. Nxa3 f5 41. Nc2 Rh1+ 42. Kg3 e5 43. Kh4 f4 44. Kg5 Rxh3 45. Re2 Ke6 46. Ne1 f3 47. Rf2 e4 48. Kf4 Rh4+ 49. Ke3 Rh1 50. Nc2 Rg1 51. Rh2 Rg7 52. Kf2 Kf5 53. Ne3+ Ke5 54. Rh5+ Kd4 55. Nf5+ Kc3 56. Nxg7 Kd2 57. Nf5 Bd7 58. Ne3 Bc6 59. Rxh7 Kc3 60. Rh5 Kb2 61. Rxc5 Kxa2 62. b4 Kb3 63. b5 Be8 64. Rc7 b6 65. c5 bxc5 66. b6 1-0


[Site "https://www.chess.com"]

[Event "Titled Tuesday Blitz August 31 2021"]
[White "Pichot, Alan"]
[Black "Tarigan, Gilbert Elroy"]
[WhiteFideId "110973"]
[BlackFideId "7108133"]
[WhiteElo "2622"]
[BlackElo "1908"]
[Result "1-0"]
[Round "07"]
[TimeControl "180+1"]
[Date "2021.08.31"]
[WhiteClock "0:01:21"]
[BlackClock "0:00:22"]

1. d4 a6 2. e4 e6 3. Bd3 d5 4. exd5 exd5 5. Nf3 Nf6 6. O-O Be7 7. Re1 O-O 8. h3 Re8 9. Bf4 Nc6 10. c3 Bd6 11. Bg5 Rxe1+ 12. Qxe1 h6 13. Bh4 Be6 14. Nbd2 Be7 15. Bg3 Bd6 16. Ne5 Nh5 17. Bh2 Qf6 18. Ndf3 Nf4 19. Bf1 Re8 20. Qd2 Ng6 21. Nxc6 bxc6 22. Re1 Ra8 23. Ne5 Bxe5 24. Bxe5 Nxe5 25. Rxe5 c5 26. Qe3 cxd4 27. cxd4 a5 28. Qc3 Rb8 29. b3 Rb4 30. g3 Qe7 31. Bd3 Qd6 32. h4 Qb6 33. Bf5 Bxf5 34. Rxf5 Rxd4 35. Re5 Re4 36. Rxd5 Re2 37. Rd8+ 1-0


[Site "https://www.chess.com"]

[Event "Titled Tuesday Blitz August 31 2021"]
[White "Pires, Marcos Vinicius Torsani"]
[Black "Dronavalli, Harika"]
[WhiteFideId "2118939"]
[BlackFideId "5015197"]
[WhiteElo "2273"]
[BlackElo "2422"]
[Result "1-0"]
[Round "07"]
[TimeControl "180+1"]
[Date "2021.08.31"]
[WhiteClock "0:00:11"]
[BlackClock "0:00:01"]

1. e4 c5 2. Nf3 d6 3. d4 cxd4 4. Nxd4 Nf6 5. Nc3 g6 6. Be3 Bg7 7. f3 Nc6 8. Qd2 O-O 9. O-O-O d5 10. Qe1 e5 11. Nxc6 bxc6 12. Bc5 Re8 13. h4 Qa5 14. Ba3 Bh6+ 15. Kb1 Rb8 16. Nxd5 Qxa3 17. Nxf6+ Kf8 18. b3 Re6 19. Nxh7+ Kg7 20. Ng5 Rd6 21. Bc4 Rb7 22. Qc3 f6 23. f4 Rxd1+ 24. Rxd1 Qe7 25. fxe5 fxg5 26. e6+ Qf6 27. Qg3 Re7 28. h5 Qf4 29. Qd3 gxh5 30. Qd8 Qf8 31. Qd4+ Kh7 32. Rf1 Qh8 33. e5 Bg7 34. Bd3+ Kh6 35. Qe4 Rxe6 36. Rf6+ Rxf6 37. exf6 Qg8 38. Qg6# 1-0


[Site "https://www.chess.com"]

[Event "Titled Tuesday Blitz August 31 2021"]
[White "Polivanov, Anatoliy"]
[Black "Vasli, Aref"]
[WhiteFideId "14109468"]
[BlackFideId "417521"]
[WhiteElo "2673"]
[BlackElo "2506"]
[Result "0-1"]
[Round "07"]
[TimeControl "180+1"]
[Date "2021.08.31"]
[WhiteClock "0:00:03"]
[BlackClock "0:00:46"]

1. d4 Nf6 2. Bg5 d5 3. e3 c6 4. Bxf6 exf6 5. Nd2 Bd6 6. g3 f5 7. Bg2 O-O 8. Ne2 Nd7 9. b3 Nf6 10. c4 Be6 11. cxd5 Bxd5 12. Bxd5 Nxd5 13. O-O Re8 14. Nc4 Bc7 15. Qd3 Qg5 16. Ne5 Rad8 17. Rad1 g6 18. Nf3 Qh5 19. Kg2 Re7 20. h3 Rde8 21. Nf4 Bxf4 22. exf4 Re4 23. Rde1 f6 24. Qd2 Qh6 25. Ng1 Qf8 26. Rxe4 fxe4 27. Re1 f5 28. Kh2 Qb4 29. Qxb4 Nxb4 30. Nf3 Rd8 31. Ne5 Rxd4 32. a4 Nd3 33. Nxd3 Rxd3 34. b4 Kf7 35. Rc1 Ke7 36. b5 Kd6 37. bxc6 bxc6 38. Rb1 Ra3 39. Rb7 Rxa4 40. Rxh7 Ra2 41. Kg1 c5 42. Rg7 c4 43. Rxg6+ Kc5 44. Rg8 c3 45. Rc8+ Kd4 46. g4 c2 47. Kg2 e3 0-1


[Site "https://www.chess.com"]

[Event "Titled Tuesday Blitz August 31 2021"]
[White "Postny, Evgeny"]
[Black "Hryshchenko, Kamila"]
[WhiteFideId "2804344"]
[BlackFideId "14147491"]
[WhiteElo "2521"]
[BlackElo "1936"]
[Result "1/2-1/2"]
[Round "07"]
[TimeControl "180+1"]
[Date "2021.08.31"]
[WhiteClock "0:00:02"]
[BlackClock "0:00:03"]

1. e4 d5 2. d3 dxe4 3. dxe4 Qxd1+ 4. Kxd1 Nc6 5. c3 f5 6. Bd3 fxe4 7. Bxe4 Nf6 8. Bxc6+ bxc6 9. Nf3 Bf5 10. Nd4 O-O-O 11. Ke1 Bd7 12. Be3 Ng4 13. Nd2 e5 14. N4b3 Nxe3 15. fxe3 Be7 16. Ne4 Rhf8 17. Rf1 Bf5 18. Nbc5 Rd5 19. b4 g6 20. h3 h5 21. Ke2 Rfd8 22. Rad1 h4 23. c4 Rxd1 24. Rxd1 Rxd1 25. Kxd1 Bxe4 26. Nxe4 Bxb4 27. Ke2 Be7 28. Kf3 Kb7 29. Nd2 Kb6 30. Nb3 Ba3 31. Ke4 a5 32. Kxe5 a4 33. Nd2 Kc5 34. Kf6 Bc1 35. Nf3 Kxc4 36. e4 Kd3 37. e5 Ba3 38. e6 Bd6 39. Nxh4 c5 40. Nxg6 c4 41. e7 Bxe7+ 42. Nxe7 c3 43. Nd5 c5 44. Nxc3 Kxc3 45. h4 Kb2 46. h5 c4 47. h6 c3 48. h7 c2 49. h8=Q c1=Q 50. Qg8 Qc3+ 51. Kf5 a3 52. g4 Qd3+ 53. Kf4 Qd4+ 54. Kf3 Qd3+ 55. Kf4 Qd4+ 56. Kf5 Qc5+ 57. Kg6 Qd6+ 58. Kh5 Qe5+ 59. g5 Qh2+ 60. Kg6 Qd6+ 61. Kh7 Qh2+ 62. Kg7 Qc7+ 63. Kh6 Qh2+ 64. Kg6 Qd6+ 65. Kf5 Qc5+ 66. Kf4 Qd4+ 67. Kg3 Qe3+ 68. Kg4 Qd4+ 69. Kh5 Qd1+ 70. Kh6 Qh1+ 71. Kg7 Qb7+ 72. Kg6 Qc6+ 73. Kh7 Qc7+ 74. Kh6 Qh2+ 75. Kg6 1/2-1/2


[Site "https://www.chess.com"]

[Event "Titled Tuesday Blitz August 31 2021"]
[White "Potapova, Margarita"]
[Black "Maksimovic, Bojan"]
[WhiteFideId "14126869"]
[BlackFideId "14408120"]
[WhiteElo "2556"]
[BlackElo "2704"]
[Result "0-1"]
[Round "07"]
[TimeControl "180+1"]
[Date "2021.08.31"]
[WhiteClock "0:00:02"]
[BlackClock "0:00:11"]

1. e4 c5 2. g3 d5 3. exd5 Qxd5 4. Nf3 Nc6 5. Bg2 e6 6. O-O Nh6 7. Re1 Qd8 8. Nc3 Be7 9. d3 Nf5 10. Ne4 O-O 11. Bf4 f6 12. a3 e5 13. Bd2 Be6 14. Rb1 a5 15. a4 Qd7 16. b3 b6 17. Be3 Rad8 18. Nc3 Ncd4 19. Bxd4 cxd4 20. Nb5 Bb4 21. Nd2 Ne7 22. Rf1 Nd5 23. Nc4 Rb8 24. Qe2 Nc3 25. Nxc3 dxc3 26. Rbe1 Bc5 27. Kh1 Rfe8 28. Be4 Bd4 29. Qh5 g6 30. Qh6 Qg7 31. Qxg7+ Kxg7 32. f4 f5 33. Bc6 Rec8 34. Bg2 Bxc4 35. bxc4 Re8 36. Bc6 Re6 37. Bd5 Re7 38. fxe5 Rxe5 39. Rxe5 Bxe5 40. Re1 Kf6 41. Kg2 h5 42. Kf3 Rd8 43. Rb1 Bd4 44. Re1 Be5 45. Rb1 Rd6 46. Re1 Rd7 47. h4 Re7 48. Ra1 Bd4 49. Rc1 Re3+ 50. Kg2 Re2+ 51. Kh3 Be3 52. Rb1 Rxc2 53. Rb3 Bg1 54. Bg2 Bd4 55. Ra3 Rd2 56. Ra1 c2 57. Rf1 Rd1 58. Rf2 c1=Q 59. g4 hxg4+ 60. Kg3 Be5+ 0-1


[Site "https://www.chess.com"]

[Event "Titled Tuesday Blitz August 31 2021"]
[White "Qashashvili, Alexandre"]
[Black "Milchev, Nikolay"]
[WhiteFideId "13600842"]
[BlackFideId "2906090"]
[WhiteElo "2316"]
[BlackElo "2449"]
[Result "0-1"]
[Round "07"]
[TimeControl "180+1"]
[Date "2021.08.31"]
[WhiteClock "0:00:05"]
[BlackClock "0:01:37"]

1. e4 e5 2. Nf3 Nc6 3. Nc3 Nf6 4. d4 exd4 5. Nxd4 Bb4 6. Nxc6 bxc6 7. Bd3 d5 8. exd5 cxd5 9. O-O O-O 10. Bg5 c6 11. Qf3 Be7 12. h3 h6 13. Bh4 Rb8 14. b3 Rb4 15. Bg3 Bd6 16. Bxd6 Qxd6 17. Rfe1 Be6 18. Rad1 c5 19. Ne2 a5 20. a3 Rh4 21. Bf5 a4 22. Bxe6 fxe6 23. Qg3 Qxg3 24. Nxg3 axb3 25. cxb3 Kf7 26. Rc1 Rc8 27. Kf1 Rd4 28. Red1 Rxd1+ 29. Rxd1 Rb8 30. Rc1 Rxb3 31. Rxc5 Rxa3 32. Rc7+ Kf8 33. Ke2 Rb3 34. f3 Rb2+ 35. Kf1 Ne8 36. Rd7 Rc2 37. Nh5 Rc7 0-1


[Site "https://www.chess.com"]

[Event "Titled Tuesday Blitz August 31 2021"]
[White "Quintiliano Pinto, Renato R."]
[Black "Kobalia, Mikhail"]
[WhiteFideId "2117568"]
[BlackFideId "4119150"]
[WhiteElo "2439"]
[BlackElo "2569"]
[Result "0-1"]
[Round "07"]
[TimeControl "180+1"]
[Date "2021.08.31"]
[WhiteClock "0:00:02"]
[BlackClock "0:00:03"]

1. d4 Nf6 2. c4 g6 3. Nf3 Bg7 4. Nc3 O-O 5. e4 d6 6. Be2 e5 7. O-O Nc6 8. d5 Ne7 9. b4 Nh5 10. g3 f5 11. Ng5 Nf6 12. f3 c6 13. Rb1 Kh8 14. Be3 cxd5 15. cxd5 Neg8 16. Ne6 Bxe6 17. dxe6 f4 18. Bf2 fxg3 19. hxg3 Re8 20. Qb3 Nh5 21. Nd5 Bh6 22. Rbd1 Ng7 23. Bc4 Nxe6 24. Nb6 axb6 25. Bxe6 Nf6 26. Kg2 b5 27. Rh1 Kg7 28. Bd5 Qd7 29. Qc2 Rec8 30. Qe2 Nxd5 31. Rxd5 Rc4 32. Rhd1 Ra6 33. a4 Qc8 34. axb5 Rc2 35. R5d2 Raa2 36. Be3 Bxe3 37. Qxe3 Qc4 38. Kh3 Rxd2 39. Rxd2 Rxd2 40. Qxd2 Qf1+ 41. Kh2 Qxf3 42. Qxd6 Qxe4 43. Qe7+ Kh6 44. Qf8+ Kh5 45. Qf2 Qd3 46. Qg2 Qf5 47. Qh3+ Qxh3+ 48. Kxh3 Kg5 0-1


[Site "https://www.chess.com"]

[Event "Titled Tuesday Blitz August 31 2021"]
[White "Quirke, Jeffrey"]
[Black "Alavkin, Arseny"]
[WhiteFideId "2013029"]
[BlackFideId "4120612"]
[WhiteElo "2320"]
[BlackElo "2391"]
[Result "1/2-1/2"]
[Round "07"]
[TimeControl "180+1"]
[Date "2021.08.31"]
[WhiteClock "0:00:03"]
[BlackClock "0:02:10"]

1. d4 Nf6 2. c4 g6 3. Nc3 Bg7 4. e4 d6 5. Be2 O-O 6. Be3 Na6 7. Nf3 e5 8. O-O Ng4 9. Bg5 Qe8 10. dxe5 dxe5 11. Qc1 h6 12. Bd2 Kh7 13. Rd1 c6 14. h3 Nf6 15. Be3 Nc7 16. Rd6 Be6 17. Qc2 Nd7 18. Rad1 Qe7 19. c5 Rfd8 20. b4 Ne8 21. R6d2 Nf8 22. Rxd8 Rxd8 23. Rxd8 Qxd8 24. a4 a6 25. Qd3 Qxd3 26. Bxd3 Nc7 27. Nd2 Kg8 28. Bc4 Nd7 29. Bxe6 Nxe6 30. Nc4 Nd8 31. Na5 Kf8 32. b5 axb5 33. axb5 Ke7 34. b6 Ke8 35. Na4 Nf8 36. Kf1 Kd7 37. Ke2 Kc8 38. Kd3 Nde6 39. g3 Nd7 40. Kc4 f5 41. exf5 gxf5 42. f4 exf4 43. Bxf4 Nxf4 44. gxf4 Nf6 45. Nc3 Nh5 46. Ne2 Nf6 47. Nb3 Nd5 48. Nbd4 Bxd4 49. Kxd4 Kd7 50. Ke5 Nb4 51. Kxf5 Nd3 52. Kg6 Nxc5 53. Kxh6 Na4 54. Kg7 Nxb6 55. h4 Nd5 56. h5 Ke7 57. h6 Nf6 58. h7 Nxh7 59. Kxh7 Kf6 60. Kh6 Kf5 61. Kg7 c5 62. Kf7 c4 63. Ke7 b5 64. Kd6 c3 65. Nxc3 b4 66. Nd5 b3 67. Nc3 b2 68. Kc5 Kxf4 69. Kb4 Ke3 70. Kb3 b1=Q+ 71. Nxb1 1/2-1/2


[Site "https://www.chess.com"]

[Event "Titled Tuesday Blitz August 31 2021"]
[White "Richter, Nils"]
[Black "Nasuta, Grzegorz"]
[WhiteFideId "12990809"]
[BlackFideId "1141686"]
[WhiteElo "2476"]
[BlackElo "2657"]
[Result "0-1"]
[Round "07"]
[TimeControl "180+1"]
[Date "2021.08.31"]
[WhiteClock "0:00:15"]
[BlackClock "0:00:05"]

1. e4 c5 2. Nf3 e6 3. b3 b6 4. Bb2 Bb7 5. Qe2 Nc6 6. g3 Rc8 7. Bg2 d6 8. O-O Nf6 9. d4 cxd4 10. Nxd4 Nxd4 11. Bxd4 Rc7 12. c4 Qa8 13. Re1 Be7 14. Bb2 O-O 15. Nc3 Nd7 16. Rad1 a6 17. h4 Rfc8 18. Qd2 h6 19. h5 Nf6 20. Bf3 Rd8 21. Na4 b5 22. Nb6 Qb8 23. Qa5 bxc4 24. Nxc4 Rc5 25. Qb6 Nd7 26. Qb4 Bf8 27. Qd2 d5 28. exd5 Bxd5 29. Bxd5 Rxd5 30. Qc3 Rxh5 31. Qf3 Rf5 32. Qc6 Rc5 33. Qf3 Rxc4 34. bxc4 Qxb2 35. Qe2 Qb8 36. Qd2 Be7 37. Qa5 Bb4 38. Qa4 Bxe1 39. Rxe1 Nc5 40. Qa5 Rc8 41. Rd1 Qc7 42. Qa3 Qc6 43. Qb4 h5 44. Qc3 Ne4 45. Qe5 Nf6 46. Rc1 Qe4 47. Qd6 Rxc4 48. Qb8+ Kh7 49. Rxc4 Qxc4 50. Qb1+ g6 51. Qb7 Kg7 52. Qa7 Nd5 53. a3 Nc7 54. a4 Ne8 55. a5 Nd6 56. Qb6 Nf5 57. Qb2+ Nd4 58. Qb6 Ne2+ 59. Kg2 h4 60. gxh4 Nf4+ 61. Kg3 Nh5+ 62. Kh3 Qd3+ 63. Kg2 Nf4+ 64. Kh2 Qh3+ 65. Kg1 Qg2# 0-1


[Site "https://www.chess.com"]

[Event "Titled Tuesday Blitz August 31 2021"]
[White "Rodriguez Hernandez, Luis Daniel"]
[Black "Blomqvist, Erik"]
[WhiteFideId "3506770"]
[BlackFideId "1709437"]
[WhiteElo "2721"]
[BlackElo "2572"]
[Result "0-1"]
[Round "07"]
[TimeControl "180+1"]
[Date "2021.08.31"]
[WhiteClock "0:00:05"]
[BlackClock "0:00:05"]

1. e4 c5 2. c3 Nf6 3. e5 Nd5 4. d4 cxd4 5. Nf3 d6 6. Bc4 Nb6 7. Bb5+ Bd7 8. Bxd7+ Qxd7 9. cxd4 Nc6 10. Qe2 e6 11. O-O Be7 12. Nc3 O-O 13. Re1 Rfd8 14. Bg5 Nxd4 15. Nxd4 Bxg5 16. Ne4 dxe5 17. Nxe6 Qxe6 18. Nxg5 Qf5 19. Nf3 f6 20. a4 Qd3 21. Qe4 Qxe4 22. Rxe4 a5 23. g3 Rd3 24. Nh4 Rc8 25. b4 Rc4 26. Rxc4 Nxc4 27. Rc1 Nd6 28. bxa5 Rd5 29. Rc7 Rxa5 30. Rd7 Ra6 31. Rd8+ Kf7 32. Rd7+ Kf8 33. Ng2 Nf5 34. g4 Nd4 35. Ne3 Rxa4 36. Rxb7 Ne6 37. h4 h5 38. gxh5 Rxh4 39. Rb8+ Kf7 40. Rb7+ Kg8 41. Re7 Nf4 42. Rxg7+ Kxg7 43. Nf5+ Kh7 44. Nxh4 Nxh5 45. Nf3 Kg6 46. Kg2 Kf5 47. Nh4+ Kg4 0-1


[Site "https://www.chess.com"]

[Event "Titled Tuesday Blitz August 31 2021"]
[White "Rozhkov, Viacheslav"]
[Black "Weetik, Vjacheslav"]
[WhiteFideId "4181484"]
[BlackFideId "4153472"]
[WhiteElo "2324"]
[BlackElo "2469"]
[Result "0-1"]
[Round "07"]
[TimeControl "180+1"]
[Date "2021.08.31"]
[WhiteClock "0:00:05"]
[BlackClock "0:00:04"]

1. e4 c6 2. d4 d5 3. e5 Bf5 4. Nd2 e6 5. Nb3 Nd7 6. Be3 Bg6 7. f4 h5 8. Nf3 Nh6 9. c3 Nf5 10. Bf2 Be7 11. Bd3 Qc7 12. O-O h4 13. h3 c5 14. dxc5 Nxc5 15. Nxc5 Bxc5 16. Qa4+ Kf8 17. Bxf5 Bxf5 18. Bxc5+ Qxc5+ 19. Nd4 Be4 20. Kh2 Kg8 21. f5 exf5 22. Nxf5 Rh5 23. Nd4 Qc7 24. Rf2 Rxe5 25. Kg1 Rg5 26. Raf1 Qg3 27. Qd7 Rf8 28. Ne2 Qxg2+ 29. Rxg2 Rxg2+ 30. Kh1 Rxe2+ 31. Kg1 Rg2+ 32. Kh1 Rxb2+ 33. Kg1 Rg2+ 34. Kh1 Rxa2+ 35. Kg1 Rg2+ 36. Kh1 a5 37. Rf4 Rg4+ 38. Rxe4 Rxe4 39. Qxd5 Re3 40. Qxa5 Rxh3+ 41. Kg2 Rg3+ 42. Kh2 Re8 43. Qb5 Re6 44. Qc4 Ree3 45. Qd4 Re2+ 46. Kh1 Rgg2 47. Qd8+ Kh7 48. Qxh4+ Kg6 49. c4 Rh2+ 50. Qxh2 Rxh2+ 51. Kxh2 Kf5 52. Kg3 Ke4 53. Kg4 Kd4 0-1


[Site "https://www.chess.com"]

[Event "Titled Tuesday Blitz August 31 2021"]
[White "Sadhwani, Raunak"]
[Black "Chos, Alexey"]
[WhiteFideId "35093487"]
[BlackFideId "14117762"]
[WhiteElo "2514"]
[BlackElo "2234"]
[Result "1-0"]
[Round "07"]
[TimeControl "180+1"]
[Date "2021.08.31"]
[WhiteClock "0:02:21"]
[BlackClock "0:00:37"]

1. b3 d5 2. Bb2 Nf6 3. Nf3 c6 4. g3 Nbd7 5. Bg2 Qc7 6. O-O e5 7. c4 d4 8. e3 dxe3 9. fxe3 Be7 10. d4 exd4 11. exd4 O-O 12. Re1 Bb4 13. Nc3 Rd8 14. a3 Bf8 15. Qc2 a6 16. Rf1 h6 17. Rae1 Nb6 18. Ne5 Be6 19. Ne4 Nxe4 20. Bxe4 Bd6 21. c5 Bxe5 22. cxb6 Qxb6 23. Bh7+ Kh8 24. Rxe5 Rxd4 25. Qf2 c5 26. Bxd4 cxd4 27. Bf5 Bxb3 28. Rb1 a5 29. a4 Qd6 30. Re4 Bc4 31. Rxd4 Qc5 32. Rd8+ 1-0


[Site "https://www.chess.com"]

[Event "Titled Tuesday Blitz August 31 2021"]
[White "Samsonkin, Artiom"]
[Black "Sjugirov, Sanan"]
[WhiteFideId "13503111"]
[BlackFideId "4189302"]
[WhiteElo "2513"]
[BlackElo "2472"]
[Result "1-0"]
[Round "07"]
[TimeControl "180+1"]
[Date "2021.08.31"]
[WhiteClock "0:00:17"]
[BlackClock "0:00:03"]

1. e4 c5 2. Nf3 Nf6 3. Nc3 d6 4. d4 cxd4 5. Qxd4 Nc6 6. Bb5 Bd7 7. Bxc6 Bxc6 8. Bg5 e6 9. O-O-O Be7 10. Rhe1 Qa5 11. Kb1 O-O 12. Qd2 Qc7 13. Nd4 a6 14. f3 Bd7 15. g4 b5 16. h4 b4 17. Nce2 a5 18. Ng3 Rfe8 19. Nh5 Nxh5 20. Bxe7 Rxe7 21. gxh5 h6 22. Rg1 f6 23. Qxh6 e5 24. Qxf6 Rf7 25. Ne6 Rxf6 26. Nxc7 Raf8 27. b3 Kh7 28. Rg5 R8f7 29. Rg3 Rxf3 30. Rxf3 Rxf3 31. Rxd6 Bg4 32. h6 gxh6 33. Nd5 Kg7 34. Ra6 Rh3 35. Ra7+ Kg6 36. Ra6+ Kg7 37. Rxa5 Rxh4 38. a4 bxa3 39. Ra7+ Kg6 40. Rxa3 Bf3 41. Nc3 h5 42. b4 Rh1+ 43. Kb2 h4 44. b5 h3 45. b6 h2 46. b7 Re1 47. Ra6+ Kg5 48. b8=Q h1=Q 49. Qxe5+ Kg4 50. Rg6+ 1-0


[Site "https://www.chess.com"]

[Event "Titled Tuesday Blitz August 31 2021"]
[White "Shahade, Gregory"]
[Black "Kovalev, Vladislav"]
[WhiteFideId "2009064"]
[BlackFideId "13504398"]
[WhiteElo "2668"]
[BlackElo "2573"]
[Result "0-1"]
[Round "07"]
[TimeControl "180+1"]
[Date "2021.08.31"]
[WhiteClock "0:00:44"]
[BlackClock "0:01:07"]

1. e4 e5 2. Nf3 Nc6 3. Bb5 a6 4. Ba4 Nf6 5. O-O Be7 6. Re1 b5 7. Bb3 d6 8. c3 O-O 9. h3 Nb8 10. d4 Nbd7 11. Nbd2 c5 12. Nf1 Re8 13. Ng3 Bf8 14. a4 Bb7 15. d5 c4 16. Bc2 Qc7 17. Be3 Reb8 18. Ra3 Bc8 19. Qd2 bxa4 20. Bxa4 Nc5 21. Bc6 Ncxe4 22. Nxe4 Nxe4 23. Qc2 Nf6 24. Bg5 Nd7 25. Bxa8 Rxa8 26. b3 Bb7 27. bxc4 Qxc4 28. Rd1 Bxd5 29. Qd3 Qxd3 30. Rxd3 Bc4 31. Rd1 d5 32. Nd2 Bxa3 33. Nxc4 dxc4 34. Rxd7 f6 35. Be3 a5 36. g4 a4 37. Rc7 Bb2 38. Rxc4 a3 0-1


[Site "https://www.chess.com"]

[Event "Titled Tuesday Blitz August 31 2021"]
[White "Shishkov, Andrei"]
[Black "Shimelkov, Vasiliy"]
[WhiteFideId "4500563"]
[BlackFideId "13701630"]
[WhiteElo "2322"]
[BlackElo "2073"]
[Result "0-1"]
[Round "07"]
[TimeControl "180+1"]
[Date "2021.08.31"]
[WhiteClock "0:00:09"]
[BlackClock "0:00:53"]

1. d4 d5 2. c4 e6 3. Nc3 Nf6 4. cxd5 exd5 5. Bg5 Be7 6. e3 h6 7. Bh4 O-O 8. Bd3 b6 9. Nf3 Bb7 10. O-O c5 11. dxc5 bxc5 12. Rc1 Nbd7 13. Qa4 Nb6 14. Qa5 d4 15. Bxf6 Bxf6 16. Ne4 c4 17. Nxf6+ Qxf6 18. Bxc4 Bxf3 19. gxf3 Qxf3 20. exd4 Rad8 21. Rfd1 Nxc4 22. Qc3 Qxc3 23. Rxc3 Nxb2 24. Rd2 Rb8 25. Rb3 Nc4 26. Rc2 Rxb3 27. axb3 Nb6 28. Rc7 Ra8 29. b4 Nd5 30. Rb7 a6 31. Kg2 Rd8 32. Kf3 Rd6 33. Ke4 Nc3+ 34. Ke3 Nb5 35. Rb8+ Kh7 36. Rb7 Kg6 37. f4 Nxd4 0-1


[Site "https://www.chess.com"]